[Event "GER-ch Youth-U14 2022"]
[Site "Willingen"]
[Date "2022.06.08"]
[Round "6.17"]
[White "Linnemann, Caspar"]
[Black "Mueller, Maximilian"]
[Result "0-1"]
[ECO "C06"]
[WhiteElo "1720"]
[BlackElo "2299"]
[Annotator "TA"]
[PlyCount "122"]
[EventDate "2022.06.05"]
[EventType "swiss"]
[EventRounds "9"]
[EventCountry "GER"]
[SourceTitle "playchess.com"]
[Source "ChessBase"]
[SourceQuality "1"]
[TimeControl "40/4500+30:900+30"]

1. e4 e6 2. d4 d5 3. Nd2 Nf6 4. e5 Nfd7 5. c3 c5 6. Bd3 Nc6 7. Ne2 cxd4 8. cxd4 f6 9. exf6 Nxf6 10. Nf3 Bd6 11. O-O Qc7 12. g3 O-O 13. Bf4 Bd7 14. Rc1 Be8 {[%emt 0:29:42] C06: French Tarrasch: 3...Nf6 4 e5 Nfd7 5 Bd3 main lines.} (14... Nh5 $14) 15. Bxd6 (15. Ng5 $16) 15... Qxd6 $11 16. Nf4 Ne4 {[%emt 0:08:34] [#] The position is equal.} 17. Ng2 $146 (17. Bxe4 $11 dxe4 18. Ng5) ({Predecessor:} 17. Bxe4 dxe4 18. Ng5 Rxf4 19. gxf4 Qxf4 20. Nxe6 Qh6 21. Qg4 Bg6 22. Rc3 Re8 23. Rg3 {0-1 (44) Gayson,P (2125)-Bryant,R (1967) England 2019}) 17... Bh5 $19 18. Be2 Bxf3 (18... Rf6 $1 $17 {White must now prevent ...Raf8.} 19. h3 Raf8) 19. Bxf3 $15 Nxd4 20. Bxe4 ({Better is} 20. Qxd4 $15 Rxf3 21. Rcd1) 20... dxe4 $17 21. Ne1 (21. Ne3 $17) 21... e5 $2 (21... Rad8 $19 22. Qh5 Rf5) 22. Qg4 $2 (22. Rc3 $17) 22... Qd5 $2 (22... e3 $1 $19 {[%cal Re3e2] and Black stays clearly on top.} 23. f4 Rf5) 23. b3 $2 (23. Rc7 $17 {is a better chance.} Rf7 24. Rxf7 Kxf7 25. Ng2) 23... e3 $19 24. Rc7 Ne6 25. Rc2 {[%emt 0:05:34] [#]} Nd4 $40 {[%emt 0:02:19][%mdl 128] Black mounts an attack.} (25... h5 $142 $1 26. Qe2 Nd4 27. Qxe3 Nxc2 28. Nxc2 Rad8 29. Qxa7 Qe4) 26. Rc7 {[%emt 0:00:17][%csl Gc7][%cal Rg4g7] [#]} g6 {[%emt 0:00:51] The board is on fire.} 27. f3 Rf5 ({But not} 27... Rf7 $2 28. Rxf7 Kxf7 29. Kg2 $19) 28. Qh4 Rf7 {[%emt 0:03:25] Active counter play!} 29. Rxf7 Qxf7 ({Weaker is} 29... Kxf7 30. Qxh7+ Kf6 31. Qh4+ Ke6 32. Qg5 $11) 30. Qe4 e2 31. Rf2 Rc8 32. Qxe5 $2 (32. Rg2) 32... Rc1 $1 33. Qxd4 Rxe1+ {[%emt 0:00:11] KQR-KQR} 34. Kg2 {[%emt 0:00:12] [#]} Rg1+ $3 35. Kxg1 e1=Q+ 36. Kg2 b6 37. Qd8+ Qee8 38. Qd4 Qfe7 39. Qd5+ Qe6 40. Qd4 Q8c8 41. Qh4 {[%emt 0:15:27] Against Qh3+} Kg7 42. Qd4+ Qf6 43. Qe4 Qcc6 44. Qb4 a5 45. Qd2 g5 46. g4 Qcd6 {[%emt 0:00:27] Hoping for ...Qff4.} 47. Qc2 Qff4 48. Kg1 Qc5 49. Qb2+ Qfd4 50. Qe2 Qe3 {[%emt 0:00:00] ( -> ...Qxe2)} 51. Qb2+ Qcc3 52. Qb1 Qce1+ 53. Qxe1 Qxe1+ {[%emt 0:00:00] KQ-KR} 54. Kg2 Qe3 55. Kf1 b5 {[%emt 0:00:00] And now ...Qd3+ would win.} 56. Kg2 Kf6 {[%emt 0:00:00] Threatens to win with ...Ke5.} 57. Kf1 Qc1+ 58. Kg2 Qd1 59. Rb2 Ke5 {[%emt 0:00:00] Strongly threatening ...Kf4.} 60. Rf2 Kd4 {[%emt 0:00:00] aiming for ...Ke3.} 61. h3 Ke5 {Weighted Error Value: White=0.93/Black=0.91} 0-1

[Event "GER-ch Youth-U14 2022"]
[Site "Willingen"]
[Date "2022.06.08"]
[Round "6.18"]
[White "Deschler, Arne"]
[Black "Goldinov, Daniel"]
[Result "1-0"]
[ECO "B13"]
[WhiteElo "1646"]
[BlackElo "1626"]
[Annotator "NA RC COMBH"]
[PlyCount "87"]
[EventDate "2022.06.05"]
[EventType "swiss"]
[EventRounds "9"]
[EventCountry "GER"]
[SourceTitle "playchess.com"]
[Source "ChessBase"]
[SourceQuality "1"]
[TimeControl "40/4500+30:900+30"]

1. e4 c6 2. d4 d5 3. exd5 cxd5 4. Bd3 Nf6 5. h3 Nc6 6. c3 e5 7. dxe5 Nxe5 8. Qe2 Qe7 9. Bc2 b6 10. Bf4 Ng6 11. Bh2 Ba6 12. Qxe7+ Bxe7 13. Ba4+ b5 14. Bb3 O-O 15. Nf3 Bc5 16. O-O b4 17. Rd1 Be2 18. Rd2 Bxf3 19. gxf3 Nh4 20. Bxd5 Nxd5 21. Rxd5 Nxf3+ 22. Kg2 Ne1+ 23. Kf1 Nc2 24. Rxc5 bxc3 25. Rxc3 Rfc8 26. Rxc2 Rxc2 27. Be5 Rc1+ 28. Ke2 Rd8 29. Bf4 Rh1 30. Bd2 Re8+ 31. Kd3 Rxh3+ 32. Kc2 Rh1 33. a4 Re2 34. b4 Rxf2 35. b5 Rh5 36. Nc3 Rc5 37. a5 Rc8 38. b6 a6 39. b7 Rb8 40. Rb1 Rf6 41. Be3 Rd6 42. Bf4 Rdd8 43. Bxb8 Rxb8 44. Nd5 1-0

[Event "GER-ch Youth-U14 2022"]
[Site "Willingen"]
[Date "2022.06.08"]
[Round "6.20"]
[White "Vihan, Shourya"]
[Black "Shapiro, Danil"]
[Result "1/2-1/2"]
[ECO "D31"]
[WhiteElo "1385"]
[BlackElo "1468"]
[Annotator "NA RC COMBH"]
[PlyCount "78"]
[EventDate "2022.06.05"]
[EventType "swiss"]
[EventRounds "9"]
[EventCountry "GER"]
[SourceTitle "playchess.com"]
[Source "ChessBase"]
[SourceQuality "1"]
[TimeControl "40/4500+30:900+30"]

1. d4 d5 2. c4 e6 3. Nc3 Be7 4. Nf3 Nf6 5. cxd5 exd5 6. Bf4 O-O 7. h3 Bf5 8. Qb3 Qc8 9. Nxd5 Nxd5 10. Qxd5 Be6 11. Qb5 c6 12. Qd3 Bf5 13. Qd2 a5 14. a3 Na6 15. e3 Nb4 16. Rc1 Nd5 17. Bg3 Be4 18. Bd3 Bxf3 19. gxf3 Rd8 20. Qc2 h5 21. Bf5 Rd7 22. e4 Bg5 23. Bxd7 Qxd7 24. exd5 Re8+ 25. Kf1 Bxc1 26. Qxc1 Qxd5 27. Qc3 g5 28. Be5 Re6 29. Qe3 f6 30. Rg1 Kf7 31. f4 Qb5+ 32. Kg2 fxe5 33. fxe5 Qxb2 34. Kh2 Rg6 35. Rxg5 Rxg5 36. Qxg5 Qxf2+ 37. Qg2 Qf4+ 38. Qg3 Qd2+ 39. Qg2 Qf4+ 1/2-1/2

[Event "GER-ch Youth-U14 2022"]
[Site "Willingen"]
[Date "2022.06.08"]
[Round "6.21"]
[White "Miller, Elias"]
[Black "Eichhorn, Valentin"]
[Result "0-1"]
[ECO "E09"]
[WhiteElo "1548"]
[BlackElo "1565"]
[Annotator "NA RC COMBH"]
[PlyCount "88"]
[EventDate "2022.06.05"]
[EventType "swiss"]
[EventRounds "9"]
[EventCountry "GER"]
[SourceTitle "playchess.com"]
[Source "ChessBase"]
[SourceQuality "1"]
[TimeControl "40/4500+30:900+30"]

1. d4 Nf6 2. c4 e6 3. Nf3 d5 4. g3 Be7 5. Bg2 O-O 6. O-O Nbd7 7. Nbd2 c6 8. Qc2 Re8 9. e4 dxe4 10. Nxe4 Nxe4 11. Qxe4 Nf6 12. Qc2 Bd7 13. b3 Rc8 14. Bb2 c5 15. dxc5 Bxc5 16. Rad1 Be7 17. Qd3 Bc6 18. Qb1 Qa5 19. Nh4 Bxg2 20. Nxg2 Red8 21. Qc2 b5 22. Bc3 Qc7 23. Rxd8+ Bxd8 24. Ne3 Be7 25. Rc1 bxc4 26. Nxc4 Qc6 27. Bd4 a6 28. Qe2 h6 29. Rc3 Qe4 30. Qe3 Rd8 31. Qxe4 Nxe4 32. Rd3 Bc5 33. Bxc5 Rxd3 34. Be3 Nc3 35. a3 Nd5 36. b4 Nxe3 37. fxe3 Rc3 38. Na5 Rxa3 39. Kf2 Kf8 40. Kf3 Ke8 41. h4 Kd7 42. Ke4 Ra4 43. Kd3 Rxb4 44. Nc4 Rxc4 0-1

[Event "GER-ch Youth-U14 2022"]
[Site "Willingen"]
[Date "2022.06.08"]
[Round "6.22"]
[White "Grundmann, Max"]
[Black "Detjen, Mattes"]
[Result "0-1"]
[ECO "D31"]
[WhiteElo "1358"]
[BlackElo "1098"]
[Annotator "NA RC COMBH"]
[PlyCount "97"]
[EventDate "2022.06.05"]
[EventType "swiss"]
[EventRounds "9"]
[EventCountry "GER"]
[SourceTitle "playchess.com"]
[Source "ChessBase"]
[SourceQuality "1"]
[TimeControl "40/4500+30:900+30"]

1. d4 d5 2. c4 e6 3. Nc3 c6 4. cxd5 exd5 5. Nf3 Nf6 6. Bg5 Be7 7. e3 Bf5 8. Bd3 Bxd3 9. Qxd3 Nbd7 10. O-O O-O 11. Nh4 h6 12. Bxf6 Nxf6 13. Nf5 Nh7 14. Rfe1 Bf6 15. Rad1 Re8 16. f3 Qd7 17. e4 dxe4 18. fxe4 Rad8 19. e5 Bxe5 20. Qh3 Bf6 21. Rxe8+ Qxe8 22. Kf1 Ng5 23. Qg4 Qd7 24. Qf4 Ne6 25. Qg3 Kf8 26. Ne2 Qc7 27. Qa3+ Kg8 28. g3 a6 29. Qb3 h5 30. Qa4 g6 31. Ne3 Qb6 32. Nc4 Qb5 33. Qxb5 axb5 34. Ne3 Nxd4 35. Nxd4 Rxd4 36. b3 Rxd1+ 37. Nxd1 Kf8 38. Ke2 Ke7 39. Ke3 c5 40. Ke4 Bd4 41. Kd5 Kd7 42. b4 b6 43. h3 g5 44. g4 h4 45. Ke4 Ke6 46. Ne3 Bxe3 47. Kxe3 f5 48. Kf3 c4 49. gxf5+ 0-1

[Event "GER-ch Youth-U14 2022"]
[Site "Willingen"]
[Date "2022.06.09"]
[Round "7.1"]
[White "Deuer, Marius"]
[Black "Ermitsch, Magnus"]
[Result "1-0"]
[ECO "D41"]
[WhiteElo "2359"]
[BlackElo "2222"]
[Annotator "TA"]
[PlyCount "57"]
[EventDate "2022.06.05"]
[EventType "swiss"]
[EventRounds "9"]
[EventCountry "GER"]
[SourceTitle "playchess.com"]
[Source "ChessBase"]
[SourceQuality "1"]
[TimeControl "40/4500+30:900+30"]

1. d4 Nf6 2. c4 e6 3. Nf3 d5 4. Nc3 c5 5. cxd5 Nxd5 6. e4 Nxc3 7. bxc3 cxd4 8. cxd4 Bb4+ 9. Bd2 Bxd2+ 10. Qxd2 O-O 11. Rc1 b6 {[%emt 0:00:00] D41: Queen's Gambit Declined: Semi-Tarrasch with 5 cxd5.} 12. Bd3 Bb7 13. O-O Nc6 {[%emt 0:00:00] The position is equal.} 14. d5 exd5 15. exd5 Ne7 16. d6 Nd5 17. Ng5 $1 $36 {[%emt 0:00:00][%mdl 2048] White is really pushing.} h6 18. Ne4 {[%emt 0:00:00] White is much more active. The black rooks are badly placed.} Qh4 {[%emt 0:02:48] [#]} 19. Rc4 $146 ({Predecessor:} 19. g3 Qh5 20. Bc4 Rad8 21. Rfd1 Nb4 22. Qxb4 Bxe4 23. Rd4 Ba8 24. Rcd1 Bf3 25. Re1 {½-½ (46) Ruck,R (2530)-Janzelj,T (2438) Slovenia 2019}) 19... b5 {[%emt 0:05:24] [#]} (19... Qf4 $1 $14) 20. Rd4 $1 $18 {[%emt 0:22:00] Strongly threatening Bc2.} f5 {[%emt 0:20:02] aiming for ...Nb6.} 21. Bxb5 fxe4 {[%emt 0:05:36] [#]} 22. Bc4 $1 ({But not} 22. Rxd5 $6 Bxd5 23. Qxd5+ Kh8 $14) 22... Rae8 (22... e3 $2 23. Qxe3 Qh5 24. Qb3 $18) (22... Rad8 $16 {might work better.}) 23. d7 ({Less strong is} 23. Rxd5 Bxd5 24. Bxd5+ (24. Qxd5+ Kh8 $14) 24... Kh8 $11) 23... Re5 (23... Rd8) 24. Bxd5+ {[%emt 0:01:18] White is clearly winning.} Bxd5 25. Rxd5 e3 26. fxe3 Rxf1+ 27. Kxf1 Qc4+ 28. Qd3 Rf5+ 29. Kg1 {[%emt 0:00:43] Black did not feel at home in the position after the opening.  Weighted Error Value: White=0.06 (flawless) /Black=0.31} 1-0

[Event "GER-ch Youth-U14 2022"]
[Site "Willingen"]
[Date "2022.06.09"]
[Round "7.2"]
[White "Sreyas Payyappat"]
[Black "Honisch, Alexander"]
[Result "1-0"]
[ECO "C54"]
[WhiteElo "2169"]
[BlackElo "1878"]
[Annotator "TA"]
[PlyCount "83"]
[EventDate "2022.06.05"]
[EventType "swiss"]
[EventRounds "9"]
[EventCountry "GER"]
[SourceTitle "playchess.com"]
[Source "ChessBase"]
[SourceQuality "1"]
[TimeControl "40/4500+30:900+30"]

1. e4 e5 2. Nf3 Nc6 3. Bc4 Bc5 4. c3 Nf6 5. d4 exd4 6. e5 d5 7. Bb5 Ne4 8. cxd4 Bb6 9. Nc3 O-O 10. Be3 {[%emt 0:00:00] C54: Giuoco Piano: 4 c3 Nf6, main lines with 5 d4 and 5 d3.} Bg4 11. h3 Bxf3 12. gxf3 {[%emt 0:00:00] The position is equal.} Nxc3 13. bxc3 {[%emt 0:00:00] [#]} Qe7 $146 ({Predecessor:} 13... f5 14. Qd2 Qh4 15. Bg5 Qh5 16. O-O-O Ba5 17. Rhg1 Kh8 18. Rg3 h6 19. Bf4 Qh4 {1-0 (43) Amonatov,F (2636)-Socko,B (2593) Riadh 2017}) 14. f4 f5 15. a4 ({White should play} 15. Bxc6 $16 bxc6 16. Qa4) 15... Na5 $11 16. O-O c6 17. Be2 Qe6 18. Kh2 Nc4 19. Qb3 Rab8 20. Rg1 Kh8 (20... Bc7 $11) 21. Rg3 (21. Bxc4 $16 dxc4 22. Qb4) 21... Rf7 22. Bxc4 dxc4 23. Qb4 Bd8 24. a5 Be7 25. Qb2 Bf8 26. Ra4 b5 27. axb6 $1 axb6 28. Rg1 b5 29. Rga1 $1 Rfb7 (29... Qc8 $14 30. Ra6 Rfb7) 30. Ra8 Qd7 {[%emt 0:00:36] [#]} (30... Kg8 $142) 31. R1a6 (31. R1a7 $1 $16 {[%mdl 512] aiming for Rxb8.} Qc8 32. Qa1) 31... h6 (31... g6 $11) 32. Qa2 Be7 33. R6a7 {[%emt 0:02:47] Rxb8+ is the strong threat.} Rxa8 34. Rxa8+ Kh7 35. Qa6 {[%emt 0:02:30] White is more active.} Qc7 $2 {[%emt 0:01:01][%mdl 8192] [#] Loses the game.} (35... Rc7 $14) 36. d5 $1 $18 cxd5 37. Qe6 $1 Bd8 38. Qxf5+ g6 39. Qf8 {[%emt 0:00:19] White wants to mate with e6.} Rb8 40. Rxb8 {[%emt 0:00:09] White mates.} Qxb8 41. Qf7+ Kh8 42. e6 {[%emt 0:00:29] Weighted Error Value: White=0.20 (precise) /Black=0.42} 1-0

[Event "GER-ch Youth-U14 2022"]
[Site "Willingen"]
[Date "2022.06.09"]
[Round "7.3"]
[White "Besou, Hussain"]
[Black "Campora, Daniel H."]
[Result "1-0"]
[ECO "B12"]
[WhiteElo "2094"]
[BlackElo "2397"]
[Annotator "TA"]
[PlyCount "45"]
[EventDate "2022.06.05"]
[EventType "swiss"]
[EventRounds "9"]
[EventCountry "GER"]
[SourceTitle "playchess.com"]
[Source "ChessBase"]
[SourceQuality "1"]
[TimeControl "40/4500+30:900+30"]

1. e4 c6 2. d4 d5 3. e5 Bf5 4. Nf3 e6 5. Be2 Nd7 6. O-O h6 7. Nbd2 Ne7 {[%emt 0:00:00] B12: Caro-Kann: Advance Variation.} 8. Nb3 g5 {[%emt 0:00:00] 8...g5 scores better than 8...Bh7.} 9. a4 Ng6 {[%emt 0:00:00] The position is equal.} 10. a5 {[%emt 0:00:00] [#]} g4 $146 ({Predecessor:} 10... a6 11. c4 g4 12. Ne1 h5 13. cxd5 cxd5 14. Bd3 Nh4 15. Bf4 Nb8 16. Qd2 Be7 {1-0 (57) Kosintseva,T (2483)-Khotenashvili,B (2504) Beijing 2014}) 11. Ne1 h5 12. Nd3 Be7 {[%emt 0:01:16] [#]} (12... f6 $11) 13. f3 $1 $16 c5 (13... gxf3 $142 14. Rxf3 (14. Bxf3 c5 $14) 14... Qc7) 14. Ndxc5 ({Reject} 14. fxg4 $6 hxg4 15. Bxg4 Bxg4 16. Qxg4 c4 $14) 14... Nxc5 15. Nxc5 Bxc5 16. dxc5 Nxe5 (16... a6 $16 {keeps fighting.}) 17. Bf4 Qf6 (17... f6 $16) 18. fxg4 $18 hxg4 19. c3 {[%emt 0:02:21] [#] Black must now prevent Bb5+.} Nc6 $2 (19... a6 20. Qd4 Nd7) 20. a6 {[%emt 0:01:32][%cal Ba5a6,Ba6b7][%mdl 32] White is clearly winning.} O-O 21. axb7 Rad8 22. Bd6 Rfe8 23. Bb5 {[%emt 0:01:42] Weighted Error Value: White=0.17 (very precise) /Black=0.72} 1-0

[Event "GER-ch Youth-U14 2022"]
[Site "Willingen"]
[Date "2022.06.09"]
[Round "7.4"]
[White "Haubold, Christian Lucas"]
[Black "Möller, Maurin"]
[Result "0-1"]
[ECO "C40"]
[WhiteElo "1921"]
[BlackElo "1780"]
[Annotator "TA"]
[PlyCount "82"]
[EventDate "2022.06.05"]
[EventType "swiss"]
[EventRounds "9"]
[EventCountry "GER"]
[SourceTitle "playchess.com"]
[Source "ChessBase"]
[SourceQuality "1"]
[TimeControl "40/4500+30:900+30"]

1. e4 e5 2. Nf3 d5 3. d4 dxe4 4. Nxe5 Bd6 5. Bf4 Qf6 (5... Nf6 $11) 6. Qd2 {[%emt 0:12:08] aiming for Bg5. C40: Latvian and Elephant Gambits.} Nd7 {[%emt 0:05:06][%cal Rd7e5] [#]} 7. Nxd7 $146 (7. Bg5 $14 Qf5 8. Nc4) ({Predecessor:} 7. Bg5 Qf5 8. g4 Nxe5 9. dxe5 Qxe5 10. Nc3 Bxg4 11. Be2 Be6 12. O-O-O h6 13. Be3 {1-0 (13) Alderman,G-Schober,M corr 1989}) 7... Qxf4 $11 8. Qxf4 {[%emt 0:00:47] The position is equal.} Bxf4 9. Nc5 f5 10. Nc3 c6 11. Bc4 Ke7 12. g3 Bd6 13. a4 (13. f3 $5 ) 13... b6 14. Nb3 Nf6 15. O-O-O a6 16. Nd2 b5 17. Bb3 Re8 18. d5 b4 19. Ne2 cxd5 {[%emt 0:00:30] And now ...Bc5 would win.} ({Stronger than} 19... Nxd5 20. Nd4 Bd7 21. Nc4 $15) 20. Nd4 (20. Nf1 $17 {keeps fighting.}) 20... Bd7 {[%emt 0:01:31] Strongly threatening ...Bc5.} 21. Nf1 f4 {[%emt 0:01:17] Prevents Ne3.} 22. h3 {[%emt 0:02:51] [#]} Rac8 (22... g5 $1 $19 23. Rg1 Rg8) 23. Ne2 (23. gxf4 $17 Bxf4+ 24. Ne3) 23... fxg3 (23... g5 $19 {White must now prevent ...h5.} 24. h4 h6) 24. fxg3 $17 Rc5 {[%emt 0:00:34] 0x0.001e35de71b3dp-1022s more active pieces.} 25. Ne3 Be6 26. Nd4 Rd8 27. Kb1 g6 {[%emt 0:00:47] Inhibits Nef5+.} 28. g4 Bf4 29. Ng2 Be5 {[%emt 0:01:11] A strong pair of Bishops.} 30. Ne3 a5 (30... h6 $142 31. Rhf1 Bf7) 31. Nxe6 Kxe6 32. g5 {[%emt 0:00:09] [#]} Nh5 ({Much weaker is} 32... Bf4 $6 33. gxf6 Bxe3 34. Rhe1 $11) 33. Nxd5 $2 (33. Ka2 $17) 33... Rdxd5 $19 ({And not} 33... Rcxd5 34. Rhe1 $17) 34. Rxd5 Rxd5 35. Bxd5+ (35. Re1 $142 Kd6 36. Bxd5 Kxd5 37. Kc1) 35... Kxd5 36. Rd1+ Ke6 37. Rd8 e3 38. Kc1 Nf4 {[%emt 0:01:04] ( -> ...e2)} 39. Kd1 e2+ {[%emt 0:00:20] Black mates.} 40. Ke1 Bxb2 41. Re8+ Kf5 {[%emt 0:15:11] Weighted Error Value: White=0.67/Black=0.16 (very precise)} 0-1

[Event "GER-ch Youth-U14 2022"]
[Site "Willingen"]
[Date "2022.06.09"]
[Round "7.5"]
[White "Kocharin, Timur"]
[Black "Klaska, Philipp Leon"]
[Result "1/2-1/2"]
[ECO "A61"]
[WhiteElo "1867"]
[BlackElo "1946"]
[Annotator "TA"]
[PlyCount "83"]
[EventDate "2022.06.05"]
[EventType "swiss"]
[EventRounds "9"]
[EventCountry "GER"]
[SourceTitle "playchess.com"]
[Source "ChessBase"]
[SourceQuality "1"]
[TimeControl "40/4500+30:900+30"]

1. d4 Nf6 2. Nf3 e6 3. c4 c5 4. d5 exd5 5. cxd5 d6 6. Nc3 g6 7. e4 Bg7 8. Be3 O-O 9. h3 Re8 {[%emt 0:00:00] A70: Modern Benoni: 6 e4 g6 7 Nf3.} 10. Nd2 Nxe4 11. Ncxe4 {[%emt 0:01:54] Strongly threatening Be2.} f5 $1 {[%emt 0:03:39] White is slightly better.} 12. Bb5 $1 {[%emt 0:02:41] [#]} ({Reject} 12. Nc3 f4 13. Nc4 fxe3 14. Nxe3 Bd4 $17) 12... Rf8 $146 (12... Bd7 $14 13. Nxd6 Bxb5 14. Nxb5 f4) ({Predecessor:} 12... Bd7 13. Nxd6 Bxb5 14. Nxb5 f4 15. O-O fxe3 16. fxe3 a6 17. Nc3 b5 18. Nf3 Rxe3 {1-0 (56) Dev,S (2272)-Aaditya,D (2176) Chess.com INT 2022}) 13. Bg5 $18 Qb6 {[%emt 0:04:50] [#]} 14. Nxd6 Qxd6 15. Nc4 Qc7 16. d6 Qf7 17. Be7 {[%emt 0:03:28] White is much more active. The black rooks are badly placed.} (17. O-O $16) 17... Bd7 $11 18. Bxd7 Nxd7 19. Qb3 b5 20. Nd2 (20. Qxb5 $2 {[#]} Rfb8 $1 21. Qa6 Qe6+ 22. Kf1 Rb4 $19) 20... Qxb3 21. axb3 Rfe8 ({Don't play} 21... Bxb2 22. Ra2 Bf6 23. Bxf8 Kxf8 24. Nf3 $11) 22. O-O-O Bf8 (22... a5 $17 {Hoping for ...a4.} 23. Rhe1 a4 24. bxa4 Rxa4) 23. Rhe1 Kf7 24. Nf3 {[%emt 0:02:31] Ng5+ is the strong threat.} Bxe7 25. dxe7 Rxe7 26. Ng5+ Kf8 27. Rxe7 Kxe7 28. Nxh7 {[%emt 0:00:07][%mdl 4096] Endgame KRN-KRN} Rc8 29. Ng5 c4 30. bxc4 Rxc4+ 31. Kb1 Nc5 32. Re1+ Kf6 33. Nh7+ Kf7 34. Ng5+ Kf6 35. Nh7+ Kf7 36. Ng5+ Kf6 37. Nh7+ Kf7 38. Ng5+ Kg8 39. Re7 Nd3 40. Ne6 Re4 {And now ...Nc5 would win.} 41. Rg7+ Kh8 42. Rxg6 {Weighted Error Value: White=0.14 (very precise) /Black=0.19 (very precise)} 1/2-1/2

[Event "GER-ch Youth-U14 2022"]
[Site "Willingen"]
[Date "2022.06.09"]
[Round "7.6"]
[White "Hagner, Bennet"]
[Black "Krüger, Arthur"]
[Result "1/2-1/2"]
[ECO "C12"]
[WhiteElo "2186"]
[BlackElo "1988"]
[Annotator "TA"]
[PlyCount "60"]
[EventDate "2022.06.05"]
[EventType "swiss"]
[EventRounds "9"]
[EventCountry "GER"]
[SourceTitle "playchess.com"]
[Source "ChessBase"]
[SourceQuality "1"]
[TimeControl "40/4500+30:900+30"]

1. e4 e6 2. d4 d5 3. Nc3 Nf6 4. Bg5 Bb4 5. e5 h6 6. Bd2 Bxc3 7. bxc3 Ne4 8. Bc1 Nxc3 {[%emt 0:00:00] C12: French: Classical System: McCutcheon Variation.} 9. Qg4 {[%emt 0:00:00] [#] Threatens to win with Qg3.} g6 10. Ne2 Nxe2 {[%emt 0:00:00] Black is slightly better.} 11. Bxe2 c5 (11... h5 $5 12. Qg3 c5 $11) 12. O-O Qa5 ({Black should try} 12... b6 $11) 13. dxc5 $14 Nc6 {[%emt 0:17:39] [#]} 14. Qh3 $146 ({Predecessor:} 14. Qh4 Qxc5 15. Qf6 Rh7 16. Bd3 Qe7 17. Qf4 Qg5 18. Qa4 Qxe5 19. Rb1 Qc7 20. Bf4 {½-½ (44) Huschenbeth,N (2608)-Leniart,A (2465) Legnica 2021}) 14... Qxc5 (14... Qc7 $14 15. Bb2 (15. Bxh6 Ne7 $11) 15... Bd7) 15. Ba3 $16 Qa5 16. Bd6 {[%emt 0:05:32][%mdl 1024] White has strong compensation.} Ne7 17. Rab1 (17. Qh4 $6 Qd8 $14) 17... Qd8 18. Bd3 {[%emt 0:09:06] White is much more active. The black rooks are badly placed. This bishop pair is nice.} (18. c4 $142) 18... b6 19. Ba3 (19. Bb5+ Bd7 $11) 19... Bd7 20. c4 Rc8 21. Rbc1 dxc4 22. Bxc4 ({Don't play} 22. Rxc4 Rxc4 23. Bxc4 b5 $14) 22... Rxc4 23. Rxc4 (23. Bxe7 $16 Kxe7 24. Qf3 (24. Rxc4 Bb5 $11) 24... Rxc1 25. Qf6+ Ke8 26. Qxh8+ Ke7 27. Qxd8+ Kxd8 28. Rxc1) 23... Bb5 $11 {[%emt 0:00:10] The position is equal.} 24. Bxe7 Kxe7 25. Qa3+ Ke8 26. Rcc1 Bxf1 27. Kxf1 {[%emt 0:00:45] [#] aiming for Qa6.} Qd5 28. Re1 Qb5+ 29. Kg1 Qa5 30. Qxa5 bxa5 {[%emt 0:00:24] Weighted Error Value: White=0.18 (very precise) /Black=0.18 (very precise)} 1/2-1/2

[Event "GER-ch Youth-U14 2022"]
[Site "Willingen"]
[Date "2022.06.09"]
[Round "7.7"]
[White "Kempe, Caius Emilian"]
[Black "Luebke, Florentin"]
[Result "1/2-1/2"]
[ECO "D20"]
[WhiteElo "1973"]
[BlackElo "1613"]
[Annotator "TA"]
[PlyCount "115"]
[EventDate "2022.06.05"]
[EventType "swiss"]
[EventRounds "9"]
[EventCountry "GER"]
[SourceTitle "playchess.com"]
[Source "ChessBase"]
[SourceQuality "1"]
[TimeControl "40/4500+30:900+30"]

1. d4 d5 2. c4 dxc4 3. Nc3 e5 4. d5 Nd7 5. Nf3 Ngf6 6. e4 {[%emt 0:03:02] D20: Queen's Gambit Accepted: 3 e3 and 3 e4.} Bb4 (6... b5 $5) 7. Qc2 {[%emt 0:02:41] [#]} Nc5 $146 ({Predecessor:} 7... O-O 8. Bxc4 Re8 9. O-O a6 10. a3 Bd6 11. a4 Nf8 12. Qb3 Ng6 13. Re1 Nd7 {0-1 (57) Njardarson,A-Thorarensen,A (1726) Reykjavik 2012}) 8. Bg5 {[%emt 0:03:40] [#]} (8. Nd2 $15) 8... Bxc3+ (8... b5 $1 $17 {...Ncxe4 is the strong threat.} 9. Nd2 a6) 9. Qxc3 $11 O-O 10. Bxf6 Qxf6 11. Qxc4 (11. Qe3 $5 Nd3+ 12. Bxd3 cxd3 13. O-O $11) 11... b6 12. Qc2 a5 13. Nd2 (13. Bc4 $11) 13... Rd8 (13... c6 $17 14. Nb3 Nxb3 15. axb3 cxd5 16. exd5 Bf5) 14. Be2 (14. Nb3 $15) 14... Bb7 (14... Qg6 $17 15. O-O c6) 15. O-O $15 c6 16. dxc6 Qxc6 17. Rac1 Rac8 18. Bg4 Ne6 ({Better is} 18... Rc7 $17 {aiming for ...h5.} 19. Rfd1 Qf6) 19. Qxc6 $11 Rxc6 20. Nf3 Rxc1 21. Rxc1 Bxe4 {[%emt 0:01:10] [#] And now ...f5 would win.} 22. Nxe5 Nf4 23. g3 $1 Ng6 24. Nc4 f5 25. Be2 Rc8 {[%emt 0:01:45] Strongly threatening ...b5.} (25... b5 $5 26. Nxa5 Rd2 27. Bxb5 Ne5 $11) 26. Rd1 {[%emt 0:00:23] White wants to play f3.} b5 $1 27. Nd6 Rc2 28. Bxb5 Ne5 $1 29. Nxe4 fxe4 {[%emt 0:00:13][%mdl 4096] Endgame KRB-KRN} 30. h3 Rxb2 31. Rd5 Nf3+ 32. Kg2 Ne1+ 33. Kf1 Nf3 {[%emt 0:01:21] ( -> ...Rb1+)} 34. Be2 Nd2+ (34... Rxa2 $2 35. Bc4 Ra1+ 36. Rd1+ Kf8 37. Rxa1 $18) 35. Ke1 Nf3+ 36. Bxf3 exf3 37. Rxa5 {[%emt 0:00:07] KR-KR} Re2+ $1 38. Kf1 Rb2 39. Ke1 Re2+ $1 {[%emt 0:00:05] The position is equal.} 40. Kd1 ({Much less strong is} 40. Kf1 Rd2 41. Kg1 Rd1+ 42. Kh2 Rd2 $14) 40... Rxf2 41. Ke1 Rg2 42. g4 Rh2 43. a3 g6 44. Ra4 Rxh3 45. Kf2 Kg7 46. Rf4 Rh2+ 47. Kg3 Ra2 48. Rxf3 (48. a4 {feels hotter.} g5 49. Rf5 h6 50. Ra5) 48... g5 49. Rb3 h5 50. gxh5 Kh6 51. Kg4 {[%emt 0:00:00] Threatens to win with Rb6+.} Rg2+ 52. Rg3 Rc2 53. Rb3 {[%emt 0:04:06] Black must now prevent Rb6+.} Rc4+ 54. Kh3 Kxh5 55. Kh2 Kg4 56. Rb4 Rxb4 57. axb4 {[%emt 0:00:01] White threatens b5 and mate.} Kf5 58. b5 {Weighted Error Value: White=0.10 (very precise) /Black=0.11 (very precise)} 1/2-1/2